cohdb
Replays
Latest Replays
All Replays
Popular Replays
Top Player Replays
Match Explorer
How It Works
Community
CoH3 Stats
Reddit
Sign in to upload your games and track your stats! →
Sign in with Steam
Match 46979960
Unlisted
Match 46979960
Overview
Messages
Build Orders
End
Construct Barracks
Riflemen Squad
Riflemen Squad
Selects Heavy Weapons
Construct Weapon Support Center
1⁄4-ton 4x4 Truck
M1919 Machine Gun Team
Selects Assault Carriers
Air Support Center
M3 Assault Carrier
M3 Assault Carrier
Selects M2HB .50cal Heavy Machine Gun
Construct Medical Station
Engineer Squad
Grasshopper Recon Run
P-47 Strafing Run
Bazooka Squad
Selects Gallant Stand
Bazooka Squad
Gallant Stand
Improved M9 Bazooka Rockets
Double Sortie
Grasshopper Recon Run
Selects Exchangeable Parts
Air Supply
M1919 Machine Gun Team
Grasshopper Recon Run
P-47 Dive Bomb
Bazooka Squad
Gallant Stand
Bazooka Squad
P-47 Strafing Run
Grasshopper Recon Run
P-47 Dive Bomb
Bazooka Squad
Bazooka Squad
M3 Assault Carrier
Gallant Stand
Grasshopper Recon Run
M3 Assault Carrier
P-47 Dive Bomb
P-47 Strafing Run
1⁄4-ton 4x4 Truck
Grasshopper Recon Run
M1919 Machine Gun Team
M3 Assault Carrier
Grasshopper Recon Run
Bazooka Squad
P-47 Dive Bomb
Selects M26 Pershing Heavy Tank
M3 Assault Carrier
Gallant Stand
Grasshopper Recon Run
P-47 Strafing Run
P-47 Dive Bomb
M26 Pershing Heavy Tank
P-47 Strafing Run
P-47 Dive Bomb
Engineer Squad
Engineer Squad
Gallant Stand
Boneless
drinu019
ValiantHawk
Jikker
BananaInPajamas
Manuel
0
0
Comments
sign in to comment!
No comments posted yet!